 Dungeon Crawl Stone Soup version 0.30-a0-263-ge22c4ad894 (webtiles) character file.

Game seed: 8015673376947401788

4979 mopl the Thaumaturge (level 10, -2/69 HPs)
             Began as an Octopode Brigand on Oct 13, 2022.
             Was an Elder of Vehumet.
             Slain by a yak (15 damage)
             ... on level 7 of the Dungeon.
             The game lasted 00:24:37 (7705 turns).

mopl the Thaumaturge (Octopode Brigand)             Turns: 7705, Time: 00:24:38

Health: -2/69      AC:  1    Str: 10    XL:     10   Next: 53%
Magic:  22/22      EV: 14    Int: 18    God:    Vehumet [****..]
Gold:   204        SH:  5    Dex: 16    Spells: 9/25 levels left

rFire   . . .      SeeInvis .    b - +8 war axe of Debt {protect, rN+ Will+ Dex+2}
rCold   . . .      Faith    .    (no shield)
rNeg    + . .      Spirit   .    (helmet restricted)
rPois   .          Reflect  +    l - amulet of reflection
rElec   .          Harm     .    v - ring of wizardry
rCorr   .          Rampage  .    (no ring)
Will    +....                    (no ring)
Stlth   +++++.....               (no ring)
HPRegen 0.31/turn                (no ring)
MPRegen 0.18/turn                (no ring)
                                 (no ring)
                                 (no ring)

@: about to teleport
A: almost no armour, amphibious, 8 rings, camouflage 1, gelatinous body 1,
(nimble swimmer 1), tentacles
a: Renounce Religion


You were on level 7 of the Dungeon.
You worshipped Vehumet.
Vehumet was greatly pleased with you.
You visited 1 branch of the dungeon, and saw 8 of its levels.
You also visited: Sewer, Ossuary and Bailey.

You collected 414 gold pieces.
You spent 210 gold pieces at shops.

Inventory:

Hand Weapons
 a - a +3 dagger of speed
 b - the +8 war axe of Debt (weapon) {protect, rN+ Will+ Dex+2}
   (You found it on level 7 of the Dungeon)

   It grants its wielder temporary protection when it strikes (+7 to AC).
   Dex:       It affects your dexterity (+2).
   rN:        It protects you from negative energy.
   Will:      It increases your willpower.
 t - a +0 short sword of freezing
Missiles
 c - 3 curare-tipped darts
 e - 23 poisoned darts (quivered)
 G - 4 silver boomerangs
 I - 2 boomerangs
Jewellery
 l - an amulet of reflection (around mantle)
 v - a ring of wizardry (left tentacle)
Wands
 h - a wand of quicksilver (12)
 F - a wand of flame (21)
Scrolls
 d - 2 scrolls of summoning {unknown}
 f - 8 scrolls of teleportation
 g - 4 scrolls of enchant armour {unknown}
 j - 2 scrolls of immolation {unknown}
 k - 2 scrolls of blinking {unknown}
 r - 2 scrolls of enchant weapon {unknown}
 s - 6 scrolls of identify {unknown}
 u - 3 scrolls of magic mapping {unknown}
 y - 2 scrolls of amnesia {unknown}
 A - a scroll of butterflies {unknown}
 B - a scroll of noise {unknown}
 H - a scroll of brand weapon {unknown}
Potions
 i - 11 potions of curing
 m - 2 potions of might
 n - 2 potions of berserk rage {unknown}
 o - 2 potions of invisibility {unknown}
 p - 2 potions of ambrosia {unknown}
 q - a potion of magic {unknown}
 w - 2 potions of attraction {unknown}
 x - 4 potions of haste {unknown}
 z - 6 potions of lignification {!q}
 C - a potion of flight {unknown}
 D - a potion of mutation {unknown}
 E - a potion of brilliance


   Skills:
 + Level 6.6 Fighting
 - Level 2.0 Short Blades
 - Level 4.1 Throwing
 + Level 3.4 Dodging
 - Level 7.5 Stealth
 + Level 8.2 Spellcasting
 * Level 4.7 Conjurations
 + Level 1.9 Translocations
 + Level 1.3 Fire Magic
 - Level 6.0 Poison Magic
 + Level 3.4 Evocations


You had 9 spell levels left.
You knew the following spells:

 Your Spells              Type           Power      Damage    Failure   Level
a - Searing Ray           Conj           48%        2d6       1%          2
b - Cigotuvi's Dreadful   Necr/Pois/Air  28%        N/A       2%          2
c - Iskenderun's Mystic   Conj/Tloc      19%        2d6       3%          4
d - Flame Wave            Conj/Fire      18%        2d7       3%          4
o - Olgreb's Toxic Radia  Pois           28%        N/A       1%          4

Your spell library contained the following spells:

 Spells                   Type           Power      Damage    Failure   Level
 Magic Dart               Conj           96%        1d7       1%          1
 Shock                    Conj/Air       60%        1d6       1%          1
 Sting                    Tmut/Pois      72%        1d6       1%          1
 Poisonous Vapours        Pois/Air       36%        N/A       1%          2
 Mephitic Cloud           Conj/Pois/Air  20%        N/A       1%          3
 Spider Form              Tmut/Pois      18%        N/A       3%          3
 Beastly Appendage        Tmut           14%        N/A       4%          1
 Wereblood                Tmut           7%         N/A       6%          2
 Spellforged Servitor     Conj/Summ      7%         N/A       91%         7


Dungeon Overview and Level Annotations

Branches:
Dungeon (8/15)              Sewer (visited)         Ossuary (visited)
 Bailey (visited)
 Temple: D:4-7         Lair: D:8-11

Altars:
Kikubaaqudgha
Okawaru
Qazlal
Ru
Trog
Vehumet
Wu Jian
Xom
Yredelemnul

Shops:
D:6 !

Annotations:
D:5 bb


Innate Abilities, Weirdness & Mutations

You cannot wear most types of armour.
You are amphibious.
You can wear up to eight rings at the same time.
Your skin changes colour to match your surroundings (Stealth+).
Your rubbery body absorbs attacks. (AC +1, EV +1)
((You are camouflaged when in or above water. (Stealth+)))
You have tentacles for arms and can constrict up to eight enemies at once.


Message History

Vehumet accepts your kill.
You feel your power returning.
The steam dragon scales are intact enough to wear.
You finish channelling waves of flame.
A yak comes into view.
Your Fire Magic skill increases to level 1!
Unknown command.
Unknown command.
The yak is engulfed in a cloud of scalding steam.
You block the yak's attack.
You climb upwards.
There is a stone staircase leading down here.
Casting: Flame Wave (dangerous; 3% risk of failure)
Confirm with . or Enter, or press ? or * to list all spells.
You begin to radiate toxic energy.
The yak is poisoned.
The yak misses you.
You hit the yak.
Your weapon exudes an aura of protection.
You kill the yak!
Vehumet accepts your kill.
Your toxic aura wanes.
No target in view!
You start resting.
HP restored.
You start resting.
Magic restored.
You climb downwards.
The centaur shoots an arrow.
The arrow hits you! The arrow freezes you.
The centaur shoots an arrow.
The arrow hits you. The arrow freezes you. The yak gores you!
The yak completely misses you.
There is a stone staircase leading up, spattered with blood here.
Unknown command.
The yak gores you!
* * * LOW HITPOINT WARNING * * *
The yak misses you.
You climb upwards.
There is a stone staircase leading down here.
Unknown command.
As you read the scroll of teleportation, it crumbles to dust.
You feel strangely unstable. The yak barely misses you. The yak misses you.
The yak attacks as you move away! The yak gores you!
You die...

#.#.#.# ##.#.#.######
......# ######### ####
#.#.#.# ##......##
#..### ......#
##........# ##...###
#.#.#.### ##........[##
###...##
........###[..........#
##...#
........##..##........#
###..
............###Y.Y....#
### )...........#
#.@....## #
..........#.# ########
.........####
#........# ##......##
########


You could see 2 yaks.

Vanquished Creatures
  2 kobold demonologists (Bailey)
  A hornet (D:7)
  A wraith (Ossuary)
  2 yaks
  2 steam dragons (D:8)
  15 orc warriors
  An ice beast (D:5)
  A sky beast (D:7)
  A centaur (D:5)
  An ogre (D:4)
  A bullfrog (D:6)
  A kobold brigand (D:7)
  A necrophage (D:6)
  A scorpion (D:6)
  A wight (D:5)
  5 killer bees (D:6)
  2 vampire bats (D:7)
  5 electric eels (Bailey)
  A howler monkey (D:6)
  2 human zombies (Ossuary)
  An orc priest (D:7)
  A gnoll bouda (D:7)
  2 hounds (D:6)
  4 iguanas (D:6)
  A hell rat (Sewer)
  3 orc wizards
  3 mummies (Ossuary)
  22 gnolls
  7 river rats
  14 adders
  A shadow imp (D:7)
  4 worms (D:5)
  5 dart slugs
  16 orcs
  4 ball pythons
  6 bat zombies (D:7)
  5 endoplasms
  A gnoll zombie (Ossuary)
  19 goblins
  15 hobgoblins
  12 jackals
  18 kobolds
  5 quokkas
  5 bats
  A frilled lizard (D:2)
  3 goblin zombies (Ossuary)
  5 hobgoblin zombies (Ossuary)
  A kobold zombie (Ossuary)
  5 rats
236 creatures vanquished.

Notes
Turn   | Place    | Note
-------+----------+-------------------------------------------
     0 | D:1      | mopl the Octopode Brigand began the quest for the Orb.
     0 | D:1      | Reached XP level 1. HP: 14/14 MP: 1/1
    61 | D:1      | Reached XP level 2. HP: 11/19 MP: 2/2
   522 | D:1      | Reached skill level 6 in Stealth
   687 | D:2      | Reached XP level 3. HP: 24/24 MP: 3/3
   706 | D:2      | Reached skill level 3 in Throwing
   958 | D:2      | Reached XP level 4. HP: 29/29 MP: 4/4
  1305 | D:2      | Reached skill level 7 in Stealth
  1356 | D:3      | Reached XP level 5. HP: 19/34 MP: 5/5
  1445 | D:3      | Learned a level 4 spell: Olgreb's Toxic Radiance
  1514 | D:3      | Reached skill level 4 in Throwing
  1514 | D:3      | Reached skill level 1 in Poison Magic
  1762 | D:3      | Found a radiant altar of Vehumet.
  1994 | D:3      | Found a bloodstained altar of Trog.
  2038 | D:3      | Became a worshipper of Vehumet
  2262 | D:4      | Found a sand-covered staircase.
  2268 | Ossuary  | Entered an ossuary
  2268 | Ossuary  | Noticed a wraith
  2268 | Ossuary  | Noticed a wraith
  2268 | Ossuary  | Noticed a wraith
  2297 | Ossuary  | Reached skill level 1 in Spellcasting
  2297 | Ossuary  | Reached skill level 2 in Poison Magic
  2297 | Ossuary  | Reached XP level 6. HP: 15/39 MP: 5/7
  2642 | Ossuary  | Reached skill level 3 in Poison Magic
  2717 | Ossuary  | Noticed a wraith
  2721 | Ossuary  | Killed a wraith
  2722 | Ossuary  | Reached skill level 2 in Spellcasting
  2722 | Ossuary  | Reached skill level 4 in Poison Magic
  2722 | Ossuary  | Reached XP level 7. HP: 45/45 MP: 8/11
  2942 | D:4      | Reached * piety under Vehumet
  2942 | D:4      | Offered knowledge of Freeze by Vehumet.
  2962 | D:4      | Found a basalt altar of Yredelemnul.
  3017 | D:4      | Reached skill level 3 in Spellcasting
  3082 | D:4      | Found a sacrificial altar of Ru.
  3084 | D:4      | Found an ornate altar of the Wu Jian Council.
  3945 | D:5      | Entered Level 5 of the Dungeon
  4015 | D:5      | Reached skill level 5 in Poison Magic
  4089 | D:5      | Reached XP level 8. HP: 37/51 MP: 11/13
  4118 | D:5      | Reached skill level 4 in Spellcasting
  4145 | D:5      | Found a glowing drain.
  4150 | Sewer    | Entered a sewer
  4165 | Sewer    | Reached skill level 3 in Fighting
  4175 | Sewer    | Learned a level 2 spell: Cigotuvi's Dreadful Rot
  4356 | D:6      | Reached skill level 6 in Poison Magic
  4387 | D:6      | Offered knowledge of Shock by Vehumet.
  4411 | D:6      | Reached ** piety under Vehumet
  4412 | D:6      | Reached skill level 5 in Spellcasting
  4564 | D:6      | Found Zioq Dum's Distillery.
  4570 | D:6      | Bought a potion of curing for 42 gold pieces
  4570 | D:6      | Bought a potion of heal wounds for 70 gold pieces
  4570 | D:6      | Bought a potion of lignification for 42 gold pieces
  4570 | D:6      | Bought a potion of brilliance for 56 gold pieces
  4602 | D:6      | Found a shimmering altar of Xom.
  4654 | D:6      | Reached skill level 4 in Fighting
  4989 | D:6      | Reached skill level 6 in Spellcasting
  5012 | D:6      | Reached XP level 9. HP: 38/59 MP: 13/18
  5230 | D:7      | Reached skill level 5 in Fighting
  5256 | D:7      | Found a stormy altar of Qazlal.
  5376 | D:7      | Found a flagged portal.
  5389 | Bailey   | Entered a bailey
  5571 | Bailey   | Reached skill level 7 in Spellcasting
  5731 | Bailey   | Offered knowledge of Searing Ray by Vehumet.
  5771 | Bailey   | Learned a level 2 spell: Searing Ray
  5969 | Bailey   | Reached skill level 1 in Conjurations
  5988 | Bailey   | Reached skill level 1 in Evocations
  6012 | Bailey   | Reached skill level 2 in Conjurations
  6012 | Bailey   | Reached *** piety under Vehumet
  6046 | Bailey   | Reached skill level 6 in Fighting
  6046 | Bailey   | Reached skill level 2 in Dodging
  6124 | Bailey   | Reached skill level 2 in Evocations
  6144 | Bailey   | Reached skill level 3 in Conjurations
  6166 | Bailey   | Offered knowledge of Iskenderun's Mystic Blast by Vehumet.
  6175 | Bailey   | Reached XP level 10. HP: 47/68 MP: 17/21
  6336 | Bailey   | Learned a level 4 spell: Iskenderun's Mystic Blast
  6396 | Bailey   | Found an iron altar of Okawaru.
  6398 | Bailey   | Noticed a kobold demonologist
  6398 | Bailey   | Noticed a kobold demonologist
  6410 | Bailey   | Identified the +2 morningstar of Qurotropn {speed, rC+}
  6412 | Bailey   | Killed a kobold demonologist
  6413 | Bailey   | Reached skill level 8 in Spellcasting
  6426 | Bailey   | Killed a kobold demonologist
  6427 | Bailey   | Reached skill level 3 in Dodging
  6427 | Bailey   | Reached skill level 4 in Conjurations
  6427 | Bailey   | Reached skill level 1 in Translocations
  6427 | Bailey   | Reached skill level 3 in Evocations
  6711 | Bailey   | Acquired the Disquisition on Attacks
  6718 | Bailey   | Learned a level 4 spell: Flame Wave
  6772 | D:7      | Identified the +8 war axe of Debt {protect, rN+ Will+
                  | Dex+2}
  7246 | D:7      | Found an iron altar of Okawaru.
  7401 | D:7      | Found an ancient bone altar of Kikubaaqudgha.
  7414 | D:7      | Reached **** piety under Vehumet
  7586 | D:8      | Reached skill level 1 in Fire Magic
  7705 | D:7      | Slain by a yak

Illustrated notes

Levels and vault maps discovered:
D:1:      lightli_arrival_noodles, layout_basic, serial_forest,
          infiniplex_forest_straight_4, infiniplex_forest_end_1,
          infiniplex_forest_lined_2, infiniplex_forest_straight_2,
          infiniplex_forest_lined_ring, infiniplex_forest_lined_3_way
D:2:      layout_rooms, minmay_misc_feat_pillars, minmay_misc_feat_five,
          minmay_tree_intersection
D:3:      layout_rooms, mainiacjoe_overflow_alcove_2,
          mainiacjoe_overflow_small_starburst
D:4:      layout_layer_cave, gammafunk_temple_overflow_statue,
          overflow_temple_1_default, nicolae_ossuary_entry_monument
D:5:      layout_cave_pools, minmay_temple_entry_drinking_statues,
          lightli_sewer_entry_pipes
D:6:      layout_basic, xom_teletrap_fun, serial_shops,
          nicolae_shop_hallway_plus
D:7:      layout_cave_pods, lemuel_crystal_altar,
          nicolae_qazlal_style_of_elements, kennysheep_vampire_church,
          serial_glass, glass_columns_c, glass_columns_b, glass_columns_b,
          glass_columns_b, glass_columns_c, glass_columns_c, glass_columns_a,
          glass_columns_b, item_on_display_a, enter_bailey_7
D:8:      layout_cave_pools, mainiacjoe_overflow_surrounded_room,
          nicolae_shop_vocational

Skill      XL: |  1  2  3  4  5  6  7  8  9 10 |
---------------+-------------------------------+-----
Stealth        | 6 7 |  7.5
Throwing       | 3 4 |  4.1
Poison Magic   | 2 4 5 6 |  6.0
Spellcasting   | 1 2 3 6 7 8 |  8.2
Fighting       | 4 6 |  6.6
Conjurations   | 3 4 |  4.7
Evocations     | 2 3 |  3.4
Dodging        | 2 3 |  3.4
Translocations | 1 |  1.9
Fire Magic     | 1 |  1.3
Short Blades   | |  2.0

Action                   |  1- 3 |  4- 6 |  7- 9 | 10-12 || total
-------------------------+-------+-------+-------+-------++-------
Melee: Dagger            |    60 |   143 |   149 |     2 ||   354
       Constrict         |    15 |    25 |    34 |     1 ||    75
       Tentacles         |    11 |    33 |    36 |     1 ||    81
       Punch             |     1 |     1 |     3 |       ||     5
       War axe           |       |       |       |    22 ||    22
Throw: Dart              |       |       |    15 |     2 ||    17
 Cast: Olgreb's Toxic Ra |       |       |    42 |    15 ||    57
       Cigotuvi's Dreadf |       |       |     1 |       ||     1
       Flame Wave        |       |       |       |     3 ||     3
       Searing Ray       |       |       |       |     2 ||     2
       Iskenderun's Myst |       |       |       |     1 ||     1
Evoke: Wand              |       |       |     2 |     1 ||     3
  Use: Scroll            |       |       |     1 |     3 ||     4
       Potion            |       |       |       |     3 ||     3
 Stab: Sleeping          |    12 |    17 |    16 |     7 ||    52
       Distracted        |     2 |       |     2 |     1 ||     5
Armor: Skin              |     6 |     5 |     1 |     5 ||    17
Dodge: Dodged            |    28 |    51 |    43 |    30 ||   152
Block: Other             |       |     7 |    15 |     7 ||    29
       Reflection        |       |       |     1 |       ||     1

Table legend: (Time is in decaauts)
 A = Elapsed time spent in this place.
 B = Non-inter-level travel time spent in this place.
 C = Inter-level travel time spent in this place.
 D = Time resting spent in this place.
 E = Time spent auto-exploring this place.
 F = Levels seen in this place.
 G = Mean time per level.
                   A        B        C        D        E       F      G
               +--------+--------+--------+--------+--------+-----+--------+
         Total |   7588 |   7375 |    213 |   1547 |   3567 |  11 |  689.8 |
       Dungeon |   5627 |   5414 |    213 |    679 |   3256 |   8 |  703.4 |
         Sewer |     81 |     81 |      0 |      3 |      5 |   1 |   81.0 |
       Ossuary |    534 |    534 |      0 |    146 |    117 |   1 |  534.0 |
        Bailey |   1345 |   1345 |      0 |    719 |    189 |   1 | 1345.0 |
               +--------+--------+--------+--------+--------+-----+--------+

Top non-repeatable levels by time:
  Bailey: 1345 daAuts
     D:4: 1333 daAuts
     D:7: 1123 daAuts
     D:6: 893 daAuts
     D:3: 746 daAuts
     D:1: 681 daAuts
     D:2: 621 daAuts
 Ossuary: 534 daAuts
     D:5: 187 daAuts
   Sewer: 81 daAuts
     D:8: 41 daAuts
